 Dungeon Crawl Stone Soup version 0.29.1-12-g30fa7ad0bf (webtiles) character file.

Game seed: 10690480563909786651

68 xzight the Grasshopper (level 4, -2/38 HPs)
             Began as a Gnoll Warper on Dec 27, 2022.
             Killed from afar by Natasha (5 damage)
             ... with a magic dart
             ... on level 3 of the Dungeon.
             The game lasted 00:03:54 (2624 turns).

xzight the Grasshopper (Gnoll Warper)               Turns: 2624, Time: 00:03:55

Health: -2/38      AC:  5    Str: 11    XL:     4   Next: 19%
Magic:  11/11      EV: 12    Int: 14    God:
Gold:   107        SH:  3    Dex: 11    Spells: 11/13 levels left

rFire   . . .      SeeInvis .   a - +0 mace
rCold   . . .      Faith    .   p - +0 buckler
rNeg    . . .      Spirit   .   b - +0 leather armour
rPois   .          Reflect  .   (no helmet)
rElec   .          Harm     .   m - +0 cloak
rCorr   .          Rampage  .   s - +0 pair of gloves
Will    .....                   (no boots)
Stlth   +.........              (no amulet)
HPRegen 0.12/turn               (no ring)
MPRegen 0.12/turn               (no ring)

@: no status effects
A: fangs 1, strong nose, distributed training
a: no special abilities


You were on level 3 of the Dungeon.
You visited 1 branch of the dungeon, and saw 3 of its levels.

You collected 107 gold pieces.


Innate Abilities, Weirdness & Mutations

You have very sharp teeth.
Your uncanny sense of smell can sniff out nearby items.
Your experience applies equally to all skills.


   Skills:
 + Level 4.6 Fighting
 + Level 1.1 Short Blades
 + Level 1.1 Long Blades
 + Level 1.1 Axes
 + Level 4.6 Maces & Flails
 + Level 1.1 Polearms
 + Level 1.1 Staves
 + Level 1.1 Ranged Weapons
 + Level 2.7 Throwing
 + Level 2.7 Armour
 + Level 4.6 Dodging
 + Level 1.1 Stealth
 + Level 1.1 Shields
 + Level 1.1 Unarmed Combat
 + Level 5.0 Spellcasting
 + Level 0.8 Conjurations
 + Level 0.8 Hexes
 + Level 0.8 Summonings
 + Level 0.8 Necromancy
 + Level 5.4 Translocations
 + Level 0.8 Transmutations
 + Level 0.8 Fire Magic
 + Level 0.8 Ice Magic
 + Level 0.8 Air Magic
 + Level 0.8 Earth Magic
 + Level 0.8 Poison Magic
 + Level 1.2 Invocations
 + Level 1.1 Evocations


You had 11 spell levels left.
You knew the following spells:

 Your Spells              Type           Power      Damage    Failure   Level
a - Blink                 Tloc           36%        N/A       4%          2

Your spell library contained the following spells:

 Spells                   Type           Power      Damage    Failure   Level
 Gell's Gravitas          Tloc           18%        N/A       10%         3
 Lesser Beckoning         Tloc           18%        N/A       10%         3
 Teleport Other           Tloc           18%        N/A       10%         3
 Manifold Assault         Tloc           18%        N/A       65%         5

Inventory:

Hand Weapons
 a - a +0 mace (weapon)
Armour
 b - a +0 leather armour (worn)
 m - a +0 cloak (worn)
 p - a +0 buckler (worn)
 s - a +0 pair of gloves (worn)
Jewellery
 f - an amulet of the acrobat
 S - a +6 ring of strength
Scrolls
 c - 2 scrolls of blinking
 e - 2 scrolls of brand weapon {unknown}
 i - a scroll of immolation {unknown}
 l - 3 scrolls of teleportation {unknown}
 q - a scroll of vulnerability {unknown}
 t - a scroll of poison {unknown}
Potions
 g - 2 potions of curing {unknown}
 h - 2 potions of mutation {unknown}
 j - a potion of brilliance {unknown}
 k - a potion of magic {unknown}
 n - a potion of invisibility {unknown}
 o - 2 potions of haste {unknown}
 r - a potion of ambrosia {unknown}

Dungeon Overview and Level Annotations

Branches:
Dungeon (3/15)

Altars:

Annotations:
D:3 Natasha

#.# ########.####
#...........#
#.#......h..#
#.#.##......#
#.#.##.#.#.§#
#.#.##.#....#
######.#...÷.....#
#....@....>...........
#.####..............##
#h.#######).##.# #..#
#..# .# #..# #..# #
#5.# #..# #... ...# ∆
##.# #.#


You could see Natasha and a crimson imp (summoned).


Message History

* * * LOW HITPOINT WARNING * * *
The ball python constricts you.
* * * LOW HITPOINT WARNING * * *
Throw: boomerang (disperse) {=f}
Press: ? - help, Q - select action, (/) - cycle Shift-Dir - straight line, f/p - Natasha
Aim: Natasha (heavily wounded, 51% to hit)
You throw a boomerang of dispersal {=f}.
The boomerang of dispersal {=f} hits Natasha.
Natasha blinks!
Natasha is heavily wounded.
The crimson imp disappears in a puff of smoke!
The ball python bites you but does no damage.
The ball python constricts you.
Unknown command.
Unknown command.
Unknown command.
Unknown command.
You hit the ball python.
The ball python is moderately wounded.
The ball python barely misses you. The ball python constricts you.
Natasha mumbles some strange words.
The ball python bites you but does no damage.
The ball python constricts you.
Natasha mumbles some strange words.
Natasha shimmers violently.
You hit the ball python.
You kill the ball python!
Natasha casts a spell at you. The magic dart hits you.
You die...

Skill      XL: |  1  2  3 |
---------------+----------+-----
Spellcasting   | 5 |  5.0
Invocations    | 1 |  1.2
Short Blades   | 1 |  1.1
Long Blades    | 1 |  1.1
Axes           | 1 |  1.1
Polearms       | 1 |  1.1
Staves         | 1 |  1.1
Ranged Weapons | 1 |  1.1
Stealth        | 1 |  1.1
Shields        | 1 |  1.1
Unarmed Combat | 1 |  1.1
Evocations     | 1 |  1.1
Fighting       | |  4.6
Maces & Flails | |  4.6
Throwing       | |  2.7
Armour         | |  2.7
Dodging        | |  4.6
Conjurations   | |  0.8
Hexes          | |  0.8
Summonings     | |  0.8
Necromancy     | |  0.8
Translocations | |  5.4
Transmutations | |  0.8
Fire Magic     | |  0.8
Ice Magic      | |  0.8
Air Magic      | |  0.8
Earth Magic    | |  0.8
Poison Magic   | |  0.8

Action                   |  1- 3 |  4- 6 || total
-------------------------+-------+-------++-------
Melee: Mace              |   128 |    31 ||   159
       Bite              |    13 |     4 ||    17
Throw: Boomerang         |       |     7 ||     7
 Cast: Blink             |       |     1 ||     1
  Use: Scroll            |       |     1 ||     1
Armor: Leather armour    |    27 |    16 ||    43
Dodge: Dodged            |    79 |    33 ||   112
Block: Buckler           |     5 |    11 ||    16

Levels and vault maps discovered:
D:1:      matt_arrival_refuge, layout_basic, nicolae_figureground_pulse
D:2:      layout_rooms, hellmonk_ecumenical_altar_run_dry
D:3:      layout_loops_ring, mainiacjoe_overflow_swirl, uniq_natasha,
          uniq_crazy_yiuf_cottage

Notes
Turn   | Place    | Note
-------+----------+-------------------------------------------
     0 | D:1      | xzight the Gnoll Warper began the quest for the Orb.
     0 | D:1      | Reached XP level 1. HP: 20/20 MP: 6/6
   202 | D:1      | Reached XP level 2. HP: 19/26 MP: 7/7
  1082 | D:2      | Reached skill level 5 in Spellcasting
  1082 | D:2      | Reached XP level 3. HP: 31/31 MP: 7/9
  1197 | D:2      | Learned a level 2 spell: Blink
  1249 | D:2      | Reached skill level 1 in Invocations
  1873 | D:2      | Found a faded altar of an unknown god.
  1882 | D:2      | Reached skill level 1 in Short Blades
  1882 | D:2      | Reached skill level 1 in Long Blades
  1882 | D:2      | Reached skill level 1 in Axes
  1882 | D:2      | Reached skill level 1 in Polearms
  1882 | D:2      | Reached skill level 1 in Staves
  1882 | D:2      | Reached skill level 1 in Ranged Weapons
  1882 | D:2      | Reached skill level 1 in Stealth
  1882 | D:2      | Reached skill level 1 in Shields
  1882 | D:2      | Reached skill level 1 in Unarmed Combat
  1882 | D:2      | Reached skill level 1 in Evocations
  2030 | D:2      | Reached XP level 4. HP: 28/38 MP: 11/11
  2312 | D:3      | Noticed Natasha
  2621 | D:3      | HP: 3/38 [constriction (1)]
  2624 | D:3      | Killed from afar by Natasha

Vanquished Creatures
  2 adders
  A worm (D:2)
  2 dart slugs (D:1)
  4 endoplasms (D:2)
  5 giant cockroaches
  A goblin (D:1)
  3 hobgoblins
  2 jackals (D:2)
  3 quokkas
  6 ball pythons
  2 bats
  A frilled lizard (D:2)
  5 kobolds
  5 rats
42 creatures vanquished.

Table legend: (Time is in decaauts)
 A = Elapsed time spent in this place.
 B = Non-inter-level travel time spent in this place.
 C = Inter-level travel time spent in this place.
 D = Time resting spent in this place.
 E = Time spent auto-exploring this place.
 F = Levels seen in this place.
 G = Mean time per level.
                   A        B        C        D        E       F      G
               +--------+--------+--------+--------+--------+-----+--------+
         Total |   2673 |   2611 |     62 |    443 |   1719 |   3 |  891.0 |
       Dungeon |   2673 |   2611 |     62 |    443 |   1719 |   3 |  891.0 |
               +--------+--------+--------+--------+--------+-----+--------+

Top non-repeatable levels by time:
     D:2: 1488 daAuts
     D:1: 1086 daAuts
     D:3: 97 daAuts

Table legend:
 A = Non-vault XP
 B = Vault XP
 C = Vault XP percentage of total XP
 D = Non-vault monster count
 E = Vault monster count
 F = Vault count percentage of total count
                 A         B        C        D         E       F
            +---------+---------+-------+---------+---------+-------
      Total |      99 |       0 |   0.0 |      42 |       0 |   0.0
            +---------+---------+-------+---------+---------+-------
        D:1 |      33 |       0 |   0.0 |      19 |       0 |   0.0
        D:2 |      50 |       0 |   0.0 |      20 |       0 |   0.0
        D:3 |      16 |       0 |   0.0 |       3 |       0 |   0.0
            +---------+---------+-------+---------+---------+-------
